TOP OF THE 1ST |
Waba Ducks batting - Pitching for Cape Cod Clams : LHP Miguel Galván
|
Pitching: LHP Miguel Galván
|
|
Batting: RHB Kelly Graham
|
0-0: Swinging Strike 0-1: Called Strike 0-2: Ball 1-2: Strikes out looking
|
Batting: LHB Fernando Cruz
|
0-0: Ball 1-0: Fly out, F8 (Flyball, 8RS)
|
Batting: RHB Pedro Molina
|
0-0: Ball 1-0: Ball 2-0: Foul Ball, location: 2F 2-1: Ball 3-1: Base on Balls
|
Batting: RHB Chris Osborn
|
0-0: Swinging Strike 0-1: Ball 1-1: Foul Ball, location: 2F 1-2: Ball 2-2: Foul Ball, location: 2F 2-2: Ball 3-2: SINGLE (Line Drive, 9S) Pedro Molina to second Pedro Molina to third
|
Batting: RHB Paul Spencer
|
0-0: Called Strike 0-1: Swinging Strike 0-2: Strikes out swinging
|
Top of the 1st over - 0 run(s), 1 hit(s), 0 error(s), 2 left on base; Waba 0 - Cape Cod 0 |
BOTTOM OF THE 1ST |
Cape Cod Clams batting - Pitching for Waba Ducks : RHP Anthony Rigsby
|
Pitching: RHP Anthony Rigsby
|
|
Batting: RHB Max Jones
|
0-0: Called Strike 0-1: Foul Ball, location: 2F 0-2: SINGLE (Groundball, 6MD)
|
Batting: RHB Yasuhiro Kobayashi
|
0-0: Called Strike Max Jones steals 2nd base 0-1: Foul Ball, location: 2F 0-2: Ball 1-2: Foul Ball, location: 2F 1-2: Foul Ball, location: 2F 1-2: SINGLE (Groundball, 6MD) Max Jones to third Runner from 3rd tries for Home, SAFE, no throw
|
Batting: RHB Carlos García
|
0-0: Ball 1-0: Foul Ball, location: 2F 1-1: Foul Ball, location: 2F 1-2: SINGLE (Flyball, 8RS) Yasuhiro Kobayashi to second
|
Batting: LHB Sixto Cantú
|
0-0: Ball 1-0: Fly out, F8 (Flyball, 78S)
|
Batting: RHB Gerald Burnett
|
0-0: Called Strike 0-1: Foul Ball, location: 2F 0-2: Foul Ball, location: 2F 0-2: SINGLE (Flyball, 9LM) Yasuhiro Kobayashi to third Carlos García to second
|
Batting: RHB Guo-xiu Choi
|
0-0: Ball 1-0: Called Strike 1-1: Foul Ball, location: 2F 1-2: Ball Wild Pitch! Yasuhiro Kobayashi scores Carlos García to third Gerald Burnett to second 2-2: SINGLE (Groundball, 56D) Carlos García scores Gerald Burnett to third
|
Batting: RHB Manny Ramírez
|
0-0: Ball 1-0: Ball 2-0: Fielders Choice at 2nd, 5-4 (Groundball, 56) Gerald Burnett scores
|
Batting: RHB John Pick
|
0-0: Ball 1-0: Called Strike 1-1: Swinging Strike 1-2: Ball 2-2: Ground out 4-3 (Groundball, 4M)
|
Bottom of the 1st over - 4 run(s), 5 hit(s), 0 error(s), 1 left on base; Waba 0 - Cape Cod 4 |
TOP OF THE 2ND |
Waba Ducks batting - Pitching for Cape Cod Clams : LHP Miguel Galván
|
Batting: RHB Jeremy Flemming
|
0-0: Ball 1-0: Swinging Strike 1-1: Foul Ball, location: 2F 1-2: Foul Ball, location: 2F 1-2: Ground out 6-3 (Groundball, 56)
|
Batting: RHB Ángelo García
|
0-0: Called Strike 0-1: Ball 1-1: Ball 2-1: Ball 3-1: Base on Balls
|
Batting: RHB Shaun Puckett
|
0-0: Ball 1-0: Fielders Choice at 2nd, 4-6 (Groundball, 34)
|
Batting: RHB António Valdéz
|
0-0: Called Strike 0-1: Foul Ball, location: 2F 0-2: Strikes out swinging
|
Top of the 2nd over - 0 run(s), 0 hit(s), 0 error(s), 1 left on base; Waba 0 - Cape Cod 4 |
BOTTOM OF THE 2ND |
Cape Cod Clams batting - Pitching for Waba Ducks : RHP Anthony Rigsby
|
Batting: RHB Mitsuoki Taguchi
|
0-0: Ball 1-0: Ball 2-0: SINGLE (Groundball, 6D)
|
Batting: RHB Max Jones
|
0-0: Ball 1-0: 2-RUN HOME RUN (Flyball, 78XD), Distance : 413 ft
|
Batting: RHB Yasuhiro Kobayashi
|
0-0: Foul Ball, location: 2F 0-1: Ball 1-1: Ball 2-1: Ball 3-1: Called Strike 3-2: SINGLE (Groundball, 4MD)
|
Batting: RHB Carlos García
|
0-0: Called Strike 0-1: Called Strike 0-2: Strikes out swinging
|
Batting: LHB Sixto Cantú
|
0-0: Called Strike 0-1: Ball 1-1: Ball 2-1: Called Strike 2-2: Strikes out swinging
|
Batting: RHB Gerald Burnett
|
0-0: Hit by Pitch Yasuhiro Kobayashi to second
|
Batting: RHB Guo-xiu Choi
|
0-0: Ball Wild Pitch! Yasuhiro Kobayashi to third Gerald Burnett to second 1-0: Ball 2-0: Foul Ball, location: 2F 2-1: Ball 3-1: Called Strike 3-2: Base on Balls
|
Batting: RHB Manny Ramírez
|
0-0: Ball 1-0: Called Strike 1-1: Ball 2-1: Foul Ball, location: 2F 2-2: Fly out, F8 (Flyball, 8LM)
|
Bottom of the 2nd over - 2 run(s), 3 hit(s), 0 error(s), 3 left on base; Waba 0 - Cape Cod 6 |
TOP OF THE 3RD |
Waba Ducks batting - Pitching for Cape Cod Clams : LHP Miguel Galván
|
Batting: RHB Kelly Graham
|
0-0: Called Strike 0-1: Ball 1-1: Ball 2-1: Foul Ball, location: 2F 2-2: Ball 3-2: Strikes out swinging
|
Batting: LHB Fernando Cruz
|
0-0: SINGLE (Line Drive, 89S)
|
Batting: RHB Pedro Molina
|
0-0: Ball 1-0: Ball 2-0: Grounds into double play, 6-4-3 (Groundball, 6)
|
Top of the 3rd over - 0 run(s), 1 hit(s), 0 error(s), 0 left on base; Waba 0 - Cape Cod 6 |
BOTTOM OF THE 3RD |
Cape Cod Clams batting - Pitching for Waba Ducks : RHP Anthony Rigsby
|
Batting: RHB John Pick
|
0-0: Called Strike 0-1: Foul Ball, location: 2F 0-2: Ball 1-2: Ball 2-2: SINGLE (Line Drive, 7S)
|
Batting: RHB Mitsuoki Taguchi
|
0-0: Ball 1-0: Called Strike 1-1: Fly out, F8 (Flyball, 89S)
|
Batting: RHB Max Jones
|
0-0: Swinging Strike 0-1: Ball 1-1: Called Strike 1-2: Foul Ball, location: 2F 1-2: Foul Ball, location: 2F 1-2: Foul Ball, location: 2F 1-2: Ball Wild Pitch! John Pick to second 2-2: Ground out 4-3 (Groundball, 4M) John Pick to third
|
Batting: RHB Yasuhiro Kobayashi
|
0-0: Ground out 6-3 (Groundball, 6)
|
Bottom of the 3rd over - 0 run(s), 1 hit(s), 0 error(s), 1 left on base; Waba 0 - Cape Cod 6 |
TOP OF THE 4TH |
Waba Ducks batting - Pitching for Cape Cod Clams : LHP Miguel Galván
|
Batting: RHB Chris Osborn
|
0-0: Ball 1-0: Foul Ball, location: 2F 1-1: Ball 2-1: Swinging Strike 2-2: Strikes out swinging
|
Batting: RHB Paul Spencer
|
0-0: Called Strike 0-1: Foul Ball, location: 2F 0-2: Ball 1-2: Foul Ball, location: 2F 1-2: Ball 2-2: Ball 3-2: Foul Ball, location: 2F 3-2: Foul Ball, location: 2F 3-2: Foul Ball, location: 2F 3-2: SINGLE (Groundball, 6) (infield hit)
|
Batting: RHB Jeremy Flemming
|
0-0: Ball 1-0: Ball 2-0: Ball 3-0: Called Strike 3-1: Base on Balls Paul Spencer to second
|
Batting: RHB Ángelo García
|
0-0: Called Strike 0-1: Foul Ball, location: 2F 0-2: Strikes out swinging
|
Batting: RHB Shaun Puckett
|
0-0: Ball 1-0: Ball 2-0: Ball 3-0: Called Strike 3-1: Called Strike 3-2: Fly out, F8 (Flyball, 8LD)
|
Top of the 4th over - 0 run(s), 1 hit(s), 0 error(s), 2 left on base; Waba 0 - Cape Cod 6 |
BOTTOM OF THE 4TH |
Cape Cod Clams batting - Pitching for Waba Ducks : RHP Anthony Rigsby
|
Batting: RHB Carlos García
|
0-0: Ball 1-0: Ball 2-0: Ball 3-0: Called Strike 3-1: Called Strike 3-2: Fly out, F4 (Popup, 34D)
|
Batting: LHB Sixto Cantú
|
0-0: Called Strike 0-1: Ball 1-1: Single, Error in OF, E9, batter to second base
|
Batting: RHB Gerald Burnett
|
0-0: Foul Ball, location: 2F 0-1: Fly out, F9 (Line Drive, 9)
|
Batting: RHB Guo-xiu Choi
|
0-0: Called Strike 0-1: Foul Ball, location: 2F 0-2: Ball 1-2: Ground out 4-3 (Groundball, 4S)
|
Bottom of the 4th over - 0 run(s), 1 hit(s), 1 error(s), 1 left on base; Waba 0 - Cape Cod 6 |
TOP OF THE 5TH |
Waba Ducks batting - Pitching for Cape Cod Clams : LHP Miguel Galván
|
Batting: RHB António Valdéz
|
0-0: Foul Ball, location: 2F 0-1: Ball 1-1: Foul Ball, location: 2F 1-2: Ball 2-2: Strikes out swinging
|
Batting: RHB Kelly Graham
|
0-0: Called Strike 0-1: Fly out, F9 (Flyball, 9LM)
|
Batting: LHB Fernando Cruz
|
0-0: Ball 1-0: Foul Ball, location: 2F 1-1: Reached via error on a dropped throw, E1
|
Batting: RHB Pedro Molina
|
0-0: Fly out, F5 (Line Drive, 5S)
|
Top of the 5th over - 0 run(s), 0 hit(s), 1 error(s), 1 left on base; Waba 0 - Cape Cod 6 |
BOTTOM OF THE 5TH |
Cape Cod Clams batting - Pitching for Waba Ducks : RHP Anthony Rigsby
|
Pitching: RHP António Mata
|
|
Batting: RHB Manny Ramírez
|
0-0: Swinging Strike 0-1: Fly out, F8 (Flyball, 8LD)
|
Batting: RHB John Pick
|
0-0: Ball 1-0: Ground out 5-3 (Groundball, 56)
|
Batting: RHB Mitsuoki Taguchi
|
0-0: Foul Ball, location: 2F 0-1: Foul Ball, location: 2F 0-2: Ball 1-2: Ball 2-2: Fly out, F8 (Flyball, 8RS)
|
Bottom of the 5th over - 0 run(s), 0 hit(s), 0 error(s), 0 left on base; Waba 0 - Cape Cod 6 |
TOP OF THE 6TH |
Waba Ducks batting - Pitching for Cape Cod Clams : LHP Miguel Galván
|
Batting: RHB Chris Osborn
|
0-0: Ball 1-0: Foul Ball, location: 2F 1-1: Swinging Strike 1-2: Ball 2-2: Foul Ball, location: 2F 2-2: Ball 3-2: Strikes out looking
|
Batting: RHB Paul Spencer
|
0-0: Foul Ball, location: 2F 0-1: Ball 1-1: Called Strike 1-2: Foul Ball, location: 2F 1-2: Strikes out looking
|
Batting: RHB Jeremy Flemming
|
0-0: Foul Ball, location: 2F 0-1: Foul Ball, location: 2F 0-2: Ball 1-2: Foul Ball, location: 2F 1-2: Foul Ball, location: 2F 1-2: Ball 2-2: Foul Ball, location: 2F 2-2: Ball 3-2: Ground out 5-3 (Groundball, 56)
|
Top of the 6th over - 0 run(s), 0 hit(s), 0 error(s), 0 left on base; Waba 0 - Cape Cod 6 |
BOTTOM OF THE 6TH |
Cape Cod Clams batting - Pitching for Waba Ducks : RHP António Mata
|
Batting: RHB Max Jones
|
0-0: Called Strike 0-1: Swinging Strike 0-2: Foul Ball, location: 2F 0-2: Ball 1-2: Strikes out swinging
|
Batting: RHB Yasuhiro Kobayashi
|
0-0: Ball 1-0: Called Strike 1-1: Ball 2-1: Foul Ball, location: 2F 2-2: Fly out, F8 (Flyball, 8RD)
|
Batting: RHB Carlos García
|
0-0: Ground out 5-3 (Groundball, 5)
|
Bottom of the 6th over - 0 run(s), 0 hit(s), 0 error(s), 0 left on base; Waba 0 - Cape Cod 6 |
TOP OF THE 7TH |
Waba Ducks batting - Pitching for Cape Cod Clams : LHP Miguel Galván
|
Pitching: RHP Robert Martin
|
|
Batting: RHB Ángelo García
|
0-0: Ball 1-0: Ball 2-0: Foul Ball, location: 2F 2-1: Fly out, F9 (Flyball, 9)
|
Batting: RHB Shaun Puckett
|
0-0: Called Strike 0-1: Swinging Strike 0-2: Strikes out looking
|
Batting: RHB António Valdéz
|
0-0: Ball 1-0: Called Strike 1-1: Swinging Strike 1-2: Strikes out looking
|
Top of the 7th over - 0 run(s), 0 hit(s), 0 error(s), 0 left on base; Waba 0 - Cape Cod 6 |
BOTTOM OF THE 7TH |
Cape Cod Clams batting - Pitching for Waba Ducks : RHP António Mata
|
Batting: LHB Sixto Cantú
|
0-0: Foul Ball, location: 2F 0-1: Ball 1-1: Called Strike 1-2: Fly out, F8 (Flyball, 8LS)
|
Batting: RHB Gerald Burnett
|
0-0: Ground out U3 (Groundball, 34)
|
Batting: RHB Guo-xiu Choi
|
0-0: Ball 1-0: Fly out, F9 (Flyball, 9LM)
|
Bottom of the 7th over - 0 run(s), 0 hit(s), 0 error(s), 0 left on base; Waba 0 - Cape Cod 6 |
TOP OF THE 8TH |
Waba Ducks batting - Pitching for Cape Cod Clams : RHP Robert Martin
|
Batting: RHB Kelly Graham
|
0-0: Foul Ball, location: 2F 0-1: Called Strike 0-2: Ball 1-2: Ground out 5-3 (Groundball, 56)
|
Batting: LHB Fernando Cruz
|
0-0: Ball 1-0: Foul Ball, location: 2F 1-1: Foul Ball, location: 2F 1-2: Ground out 6-3 (Groundball, 6M)
|
Batting: RHB Pedro Molina
|
0-0: Foul Ball, location: 2F 0-1: SINGLE (Line Drive, 34)
|
Batting: RHB Chris Osborn
|
0-0: Ball 1-0: Ball 2-0: Called Strike 2-1: Ball 3-1: Fly out, F5 (Popup, 5S)
|
Top of the 8th over - 0 run(s), 1 hit(s), 0 error(s), 1 left on base; Waba 0 - Cape Cod 6 |
BOTTOM OF THE 8TH |
Cape Cod Clams batting - Pitching for Waba Ducks : RHP António Mata
|
Batting: RHB Manny Ramírez
|
0-0: Ball 1-0: Called Strike 1-1: Ball 2-1: Ground out 6-3 (Groundball, 6)
|
Batting: RHB John Pick
|
0-0: Ball 1-0: Ball 2-0: Ground out 6-3 (Groundball, 56)
|
Batting: RHB Mitsuoki Taguchi
|
0-0: Ball 1-0: Foul Ball, location: 2F 1-1: Ground out 4-3 (Groundball, 4)
|
Bottom of the 8th over - 0 run(s), 0 hit(s), 0 error(s), 0 left on base; Waba 0 - Cape Cod 6 |
TOP OF THE 9TH |
Waba Ducks batting - Pitching for Cape Cod Clams : RHP Robert Martin
|
Now at 2B: Franklin Shaw
|
|
Now at SS: Héctor Jiménez
|
|
Batting: RHB Paul Spencer
|
0-0: Foul Ball, location: 2F 0-1: Foul Ball, location: 2F 0-2: Ball 1-2: Strikes out swinging
|
Batting: RHB Jeremy Flemming
|
0-0: Foul Ball, location: 2F 0-1: Ball 1-1: Called Strike 1-2: Foul Ball, location: 2F 1-2: Ball 2-2: Ground out 5-3 (Groundball, 5L)
|
Batting: RHB Ángelo García
|
0-0: Ball 1-0: Ball 2-0: Fly out, F7 (Line Drive, 7)
|
Top of the 9th over - 0 run(s), 0 hit(s), 0 error(s), 0 left on base; Waba 0 - Cape Cod 6 |
|